 Dungeon Crawl Stone Soup version 0.18.1-5-g4a78601 (webtiles) character file.

519 epen the Cutter (level 7, -7/43 HPs)
             Began as a Tengu Abyssal Knight on May 12, 2016.
             Was a Priest of Lugonu.
             Blown up by Ijyb (10 damage)
             ... with a wand of disintegration
             ... on level 3 of the Dungeon.
             The game lasted 00:05:01 (3030 turns).

epen the Cutter (Tengu Abyssal Knight)              Turns: 3030, Time: 00:05:02

Health: -7/43      AC:  8    Str: 13    XL:     7   Next: 21%
Magic:  10/10      EV: 12    Int: 12    God:    Lugonu [***...]
Gold:   83         SH:  0    Dex: 15    Spells: 0 memorised, 6 levels left

rFire  . . .     SeeInvis .     a - +1 short sword
rCold  . . .     Gourm    .     w - +0 ring mail
rNeg   . . .     Faith    .     (no shield)
rPois  .         Spirit   .     (helmet restricted)
rElec  .         Dismiss  .     r - +2 cloak
rCorr  .         Reflect  .     (no gloves)
SustAt .         Harm     .     (boots unavailable)
MR     .....                    (no amulet)
Stlth  +.........               (no ring)
                                (no ring)

@: not resistant to hostile enchantments, very unstealthy
A: beak, talons 3, able to fly 1
a: Fly, Depart the Abyss, Bend Space, Banish, Renounce Religion


You were on level 3 of the Dungeon.
You worshipped Lugonu.
Lugonu was most pleased with you.
You were hungry.

You visited 1 branch of the dungeon, and saw 3 of its levels.
You visited the Abyss 1 time.

You collected 83 gold pieces.

Inventory:

Hand Weapons
 a - a +1 short sword (weapon)
Missiles
 v - a throwing net (quivered)
Armour
 b - a +0 leather armour
 r - a +2 cloak (worn)
 w - a +0 ring mail (worn)
Scrolls
 d - 4 scrolls of remove curse {unknown}
 e - 2 scrolls of identify {unknown}
 g - 2 scrolls of enchant armour {unknown}
 i - 7 scrolls of teleportation {unknown}
 k - 2 scrolls of immolation {unknown}
 l - a scroll of random uselessness {unknown}
 m - 2 scrolls of magic mapping {unknown}
 n - a scroll of recharging {unknown}
Potions
 h - a potion of brilliance {unknown}
 j - 4 potions of curing {unknown}
 o - a potion of ambrosia {unknown}
 p - 2 potions of beneficial mutation {unknown}
 q - a potion of might {unknown}
 s - 2 potions of berserk rage {unknown}
 u - a potion of haste {unknown}
 x - a potion of heal wounds {unknown}
 z - a potion of mutation {unknown}
Comestibles
 c - 2 bread rations
 f - 5 meat rations


   Skills:
 + Level 4.0 Fighting
 * Level 4.1 Short Blades
 + Level 3.6 Armour
 * Level 4.1 Dodging
 * Level 3.7 Invocations


You had 6 spell levels left.
You didn't know any spells.

Dungeon Overview and Level Annotations

Branches:
Dungeon (3/15)

Altars:
Ashenzari
Fedhas
Makhleb
Pakellas

Annotations:
D:3 Ijyb


Innate Abilities, Weirdness & Mutations

You have a beak for a mouth.
You have claws for feet.
You can fly.


Message History

Ijyb screams, "Level is mine!
All mine!"
Ijyb hits you but does no damage.
You barely miss Ijyb. Your kick misses Ijyb.
Ijyb is severely wounded.
The hobgoblin closely misses you.
You hit Ijyb. You claw Ijyb.
Ijyb is severely wounded.
Ijyb zaps a wand.
You are blasted!
* * * LOW HITPOINT WARNING * * *
The hobgoblin closely misses you.
You are too injured to fight recklessly!
You are too injured to fight recklessly!
You are too injured to fight recklessly!
You are too injured to fight recklessly!
Ijyb zaps a wand.
You are blasted!
* * * LOW HITPOINT WARNING * * *
Press: ? - help, Shift-Dir - straight line, f - Ijyb
Aim: Ijyb, wielding a club and carrying a wand of disintegration {zapped: 4} (severely wounded, chance to defeat MR: 87%)
You fail to use your ability.
Ijyb zaps a wand.
You are blasted!
You die...

####### ......# .....#
....# ######### ## #..#
#####.......#
###..##.###.....#####.#
........g........####.#
##.###@#........##...##
#.......g...#######.....
#.##.##....#######......
#. ##.#####....<....##
#...##... ##....)## ..#
....# #####.....### .
..#...####............ .
..#..........))...##
###...########(#...#


You could see Ijyb and a hobgoblin.

Vanquished Creatures
  Sigmund (D:3)
  Terence (D:3)
  Robin (D:3)
  7 adders
  An ooze (D:1)
  2 worms
  3 dart slugs
  3 giant geckos
  2 orcs (D:3)
  7 bats
  4 giant cockroaches
  15 goblins
  12 hobgoblins
  A quokka (D:3)
  A ball python (D:2)
  6 giant newts
  4 kobolds
  11 rats
82 creatures vanquished.

Vanquished Creatures (others)
  The ghost of SkaryMonk the Cleaver, a novice HOCK of Beogh (D:3)
1 creature vanquished.

Grand Total: 83 creatures vanquished

Notes
Turn   | Place    | Note
--------------------------------------------------------------
     0 | Abyss:1  | epen the Tengu Abyssal Knight began the quest for the Orb.
     0 | Abyss:1  | Reached XP level 1. HP: 14/14 MP: 3/3
    18 | D:1      | Escaped the Abyss
    86 | D:1      | Reached XP level 2. HP: 7/19 MP: 4/4
   471 | D:1      | Reached ** piety under Lugonu
   497 | D:1      | Reached XP level 3. HP: 18/23 MP: 5/5
  1303 | D:2      | Reached XP level 4. HP: 23/28 MP: 6/6
  1613 | D:2      | Reached *** piety under Lugonu
  1713 | D:2      | Found a blossoming altar of Fedhas.
  2062 | D:2      | Gained mutation: You can fly. [Tengu growth]
  2062 | D:2      | Reached XP level 5. HP: 30/32 MP: 6/8
  2354 | D:3      | Noticed Sigmund
  2408 | D:3      | Killed Sigmund
  2408 | D:3      | Reached XP level 6. HP: 11/38 MP: 9/9
  2651 | D:3      | Noticed Robin
  2663 | D:3      | Killed Robin
  2673 | D:3      | Noticed SkaryMonk's ghost (novice HOCK)
  2692 | D:3      | Banished SkaryMonk's ghost
  2692 | D:3      | Reached XP level 7. HP: 37/43 MP: 4/10
  2798 | D:3      | Noticed Terence
  2819 | D:3      | Killed Terence
  2820 | D:3      | Found a burning altar of Makhleb.
  2820 | D:3      | Found a shattered altar of Ashenzari.
  2938 | D:3      | Found an oddly glowing altar of Pakellas.
  3010 | D:3      | Noticed Ijyb
  3028 | D:3      | HP: 2/43 [disintegration (8)]
  3030 | D:3      | Blown up by Ijyb

Skill      XL: |  1  2  3  4  5  6 |
---------------+-------------------+-----
Dodging        | 2 3 4 |  4.1
Invocations    | 2 3 |  3.7
Short Blades   | 3 4 |  4.1
Armour         | 3 |  3.6
Fighting       | 4 |  4.0

Action                   |  1- 3 |  4- 6 |  7- 9 || total
-------------------------+-------+-------+-------++-------
Melee: Short sword       |   101 |   170 |    50 ||   321
       Kick              |    21 |    45 |    19 ||    85
       Peck              |    17 |    24 |    11 ||    52
Invok: Banish            |       |     1 |     1 ||     2
 Abil: Fly               |       |     1 |       ||     1
 Stab: Sleeping          |     1 |       |       ||     1
  Eat: Chunk             |     1 |     5 |     1 ||     7
Armor: Leather armour    |    35 |    38 |       ||    73
       Ring mail         |       |    22 |    12 ||    34
Dodge: Dodged            |    84 |    91 |    23 ||   198
